 Dungeon Crawl Stone Soup version 0.31-a0-1370-gf52a5a9ab3 (webtiles) character file.

Game seed: 16570867834659626070

115 gelatine the Magician (level 4, -3/31 HPs)
             Began as a Demonspawn Hedge Wizard on Dec 24, 2023.
             Blown up by Ijyb (11 damage)
             ... with a mindburst bolt
             ... on level 4 of the Dungeon.
             The game lasted 00:10:10 (3437 turns).

gelatine the Magician (Demonspawn Hedge Wizard)     Turns: 3437, Time: 00:10:11

Health: -3/31      AC:  7    Str: 14    XL:     4   Next: 68%
Magic:  4/10       EV: 12    Int: 20    God:
Gold:   150        SH:  0    Dex: 17    Spells: 2/11 levels left

rFire   . . .        l - +0 rapier (venom)
rCold   . . .        (no shield)
rNeg    . . .        k - +4 robe of Augmentation {Str+4 Int+4 Dex+4}
rPois   .            c - +1 hat
rElec   .            (no cloak)
rCorr   .            (no gloves)
SInv    +            (no boots)
Will    .....        (no amulet)
Stlth   ++           f - ring of see invisible
HPRegen 0.25/turn    (no ring)
MPRegen 0.12/turn

%: no passive effects
@: brilliant, lethally poisoned (-3 -> -10), attractive
A: weakness stinger 1
a: no special abilities


You were on level 4 of the Dungeon.
You visited 1 branch of the dungeon, and saw 4 of its levels.

You collected 150 gold pieces.

Inventory:

Hand Weapons
 a - a +0 dagger
 l - a +0 rapier of venom (weapon)
Missiles
 j - 3 datura-tipped darts
Armour
 c - a +1 hat (worn)
 k - the +4 robe of Augmentation (worn) {Str+4 Int+4 Dex+4}
   (You found it on level 2 of the Dungeon)

   Str+4:     It affects your strength (+4).
   Int+4:     It affects your intelligence (+4).
   Dex+4:     It affects your dexterity (+4).
Jewellery
 f - a ring of see invisible (left hand)
Scrolls
 g - a scroll of immolation
 h - a scroll of blinking
 m - 2 scrolls of poison
Potions
 d - 3 potions of magic
 o - a potion of enlightenment


   Skills:
 * Level 0.8 Fighting
 + Level 0.5 Short Blades
 + Level 2.1 Dodging
 + Level 2.3 Stealth
 + Level 4.2 Spellcasting
 + Level 1.7 Conjurations
 + Level 1.0 Summonings
 + Level 0.8 Translocations
 * Level 0.5 Alchemy


You had 2 spell levels left.
You knew the following spells:

 Your Spells              Type           Power      Damage    Failure   Level
a - Magic Dart            Conj           64%        1d6       6%          1
b - Olgreb's Toxic Radia  Alch           9%         N/A       71%         4
c - Call Imp              Summ           24%        N/A       13%         2
d - Blink                 Tloc           22%        N/A       14%         2

Your spell library contained the following spells:

 Spells                   Type           Power      Damage    Failure   Level
 Freeze                   Ice            24%        1d4       13%         1
 Sandblast                Erth           12%        2d6       13%         1
 Slow                     Hex            24%        N/A       13%         1
 Lesser Beckoning         Tloc           22%        N/A       14%         2
 Passwall                 Alch/Erth      5%         N/A       17%         2
 Cigotuvi's Dreadful Rot  Necr/Alch/Air  14%        N/A       19%         2
 Gell's Gravitas          Tloc           11%        N/A       26%         3
 Hailstorm                Conj/Ice       11%        3d6       26%         3
 Stone Arrow              Conj/Erth      22%        3d8       26%         3
 Teleport Other           Tloc           11%        N/A       26%         3
 Mephitic Cloud           Conj/Alch/Air  10%        N/A       28%         3
 Frozen Ramparts          Ice            12%        1d2       36%         3
 Brom's Barrelling Bould  Conj/Erth      11%        2d3       65%         4
 Ozocubu's Refrigeration  Ice            3%         4d8       100%        7
 Discord                  Hex            3%         N/A       100%        8


Dungeon Overview and Level Annotations

Branches:
Dungeon (4/15)
 Temple: D:4-7

Altars:
Vehumet

Shops:
D:3 :

Annotations:
D:4 Ijyb


Innate Abilities, Weirdness & Mutations

You have a small tail.


Message History

You hear the slow hiss of a very distant avalanche of sand.
Ijyb zaps a wand.
Your mind is blasted!
A dart slug comes into view.
Found 8 stones.
A hobgoblin comes into view.
Found a falchion.
The hobgoblin shouts!
A scorpion comes into view.
The scorpion barely misses you. The scorpion attacks as it pursues you!
The scorpion stings you but does no damage.
The scorpion attacks as it pursues you! The scorpion closely misses you.
The scorpion barely misses you.
It was a potion of attraction.
You feel attractive to monsters. The scorpion closely misses you.
It was a potion of brilliance.
You feel clever all of a sudden. The scorpion closely misses you.
Found a leather armour.
The scorpion attacks as it pursues you! The scorpion closely misses you.
The scorpion attacks as it pursues you! The scorpion closely misses you.
The scorpion stings you but does no damage.
The scorpion attacks as it pursues you! The scorpion barely misses you.
The scorpion attacks as it pursues you! The scorpion barely misses you.
The scorpion attacks as it pursues you! The scorpion stings you.
The scorpion misses you.
Found a scroll labelled PUXAIM NOCAU.
Found a stone staircase leading up and a stone staircase leading down.
The hobgoblin is attracted toward you. The scorpion attacks as it pursues you!
The scorpion stings you.
You are poisoned.
The scorpion poisons you!
* * * LOW HITPOINT WARNING * * *
You feel very sick.
Ijyb shouts!
The scorpion attacks as it pursues you!
The scorpion stings you but does no damage.
Ijyb zaps a wand.
Your mind is blasted!
You die...

####.###.#.# #.#.)#
#.# #...#......#
#.##†####.#
#.##.###.###
#.##.......
#.##.#...g.#
#.##..###.#
#.##.#.#.#.###.##.)#
#.#
#.##...........##..#
#.#
#.####.#.#.######..#
#.# #.####.....####
#..# #.#
#[§..gs@....<.. #..#
#.. #######.....>..
#....... ##.(..?..
...) #....... ##.
##...... # ......
.....# ###.##


You could see Ijyb, a scorpion and a hobgoblin.

Vanquished Creatures
  A hound (D:4)
  An adder (D:2)
  2 worms (D:3)
  3 dart slugs
  7 endoplasms
  8 giant cockroaches
  9 goblins
  4 hobgoblins
  4 quokkas
  3 ball pythons
  3 bats
  5 frilled lizards (D:1)
  6 kobolds
  4 rats (D:2)
60 creatures vanquished.

Notes
Turn   | Place    | Note
-------+----------+-------------------------------------------
     0 | D:1      | gelatine the Demonspawn Hedge Wizard began the quest for
                  | the Orb.
     0 | D:1      | Reached XP level 1. HP: 13/13 MP: 4/4
   130 | D:1      | Found a faded altar of an unknown god.
   434 | D:1      | Discovered your monstrous ancestry.
   434 | D:1      | Gained mutation: You have a small tail. [demonic ancestry]
   434 | D:1      | Reached XP level 2. HP: 19/19 MP: 3/6
  1410 | D:2      | Reached XP level 3. HP: 24/24 MP: 5/8
  2033 | D:2      | HP: 1/24 [kobold/+0 club (3)]
  2170 | D:2      | Found a radiant altar of Vehumet.
  2170 | D:2      | Found the +4 robe of Augmentation {Str+4 Int+4 Dex+4}
  2472 | D:3      | Reached skill level 4 in Spellcasting
  2946 | D:3      | Reached XP level 4. HP: 25/31 MP: 2/10
  3114 | D:3      | Found Ukakkie's Book Shoppe.
  3278 | D:4      | Learned a level 4 spell: Olgreb's Toxic Radiance
  3281 | D:4      | Learned a level 2 spell: Call Imp
  3284 | D:4      | Learned a level 2 spell: Blink
  3403 | D:4      | Noticed Ijyb
  3417 | D:4      | Noticed a scorpion
  3437 | D:4      | Blown up by Ijyb

Illustrated notes

Levels and vault maps discovered:
D:1:      tarquinn_simple_flora_water_b, layout_basic,
          shapermc_ecumenical_altar_hornbeckon
D:2:      layout_loops_ring, basic_altar, serial_bayou_pond_a,
          minmay_small_reverse_x
D:3:      layout_rooms, serial_shops, shop
D:4:      layout_loops_ring, minmay_temple_entry_overgrown,
          gup_ossuary_entry_pyramid, uniq_ijyb

Skill      XL: |  1  2  3 |
---------------+----------+-----
Dodging        | 2 |  2.1
Stealth        | 2 |  2.3
Spellcasting   | 4 |  4.2
Fighting       | |  0.8
Short Blades   | |  0.5
Conjurations   | |  1.7
Summonings     | |  1.0
Translocations | |  0.8
Alchemy        | |  0.5

Action                     |  1- 3 |  4- 6 || total
---------------------------+-------+-------++-------
  Melee: Dagger            |    40 |    19 ||    59
         Tailslap          |     4 |     3 ||     7
         Rapier            |       |     3 ||     3
  Throw: Dart              |     3 |       ||     3
   Cast: Magic Dart        |   147 |    27 ||   174
    Use: Potion            |     3 |     2 ||     5
         Scroll            |       |     6 ||     6
   Stab: Sleeping          |       |     1 ||     1
 Armour: Robe              |    37 |    19 ||    56
  Dodge: Dodged            |    41 |    22 ||    63

Table legend: (Time is in decaauts)
 A = Elapsed time spent in this place.
 B = Non-inter-level travel time spent in this place.
 C = Inter-level travel time spent in this place.
 D = Time resting spent in this place.
 E = Time spent auto-exploring this place.
 F = Levels seen in this place.
 G = Mean time per level.
                   A        B        C        D        E       F      G
               +--------+--------+--------+--------+--------+-----+--------+
         Total |   3427 |   3364 |     63 |      0 |   2833 |   4 |  856.8 |
       Dungeon |   3427 |   3364 |     63 |      0 |   2833 |   4 |  856.8 |
               +--------+--------+--------+--------+--------+-----+--------+

Top non-repeatable levels by time:
     D:1: 1327 daAuts
     D:2: 1127 daAuts
     D:3: 796 daAuts
     D:4: 175 daAuts
